AoeStats
← eddie8209

Nomad

509044087Analyzed
4v4 RM · 6d ago on Sep 25, 2026· 34m 43s· 8 players
Game mode
Random Map
Map size
231×231
Population
200
Speed
Normal
Resources
Standard
Victory
Conquest
Starting age
Dark Age
Ending age
Imperial Age
RankedLock teamsTeams togetherTeam positionsShared explorationLock speedFull tech treeHidden civsTurbo modeCheats
Victory
Defeat
🇳🇱 Spanish · Netherlands
1604
+15
🇦🇺 Dravidians · Australia
1603
+15
🇨🇳 Malians · China
1569
+17
🇹🇼 Italians · Taiwan
1542
+18
🇨🇳 Varangians · China
1666
-19
🇨🇳 Saxons · China
1578
-16
🇨🇳 Danes · China
1554
-15
🇨🇳 Vikings · China
1545
-15
虎!虎!虎!
14:08 Feudal Age
15:10 Double-Bit Axe
15:06 Horse Collar
17:49 Castle Age
15:33 Horse Collar
15:54 Fishing Lines
17:21 Scale Mail Armor
18:55 Bow Saw
18:38 Gold Mining
19:35 Forging
20:58 Heavy Plow
24:38 Loom
25:28 Wheelbarrow
28:38 Hand Cart
28:09 Town Watch
29:29 Chain Mail Armor
29:46 Stone Mining
35:06 Imperial Age
35:01 Iron Casting
eddie8209
13:55 Feudal Age
14:37 Fishing Lines
15:12 Double-Bit Axe
17:35 Castle Age
17:11 Gold Mining
18:23 Forging
18:30 Medium Warships
18:11 Gillnets
20:40 Loom
21:30 Wheelbarrow
23:21 Bow Saw
23:54 Town Watch
28:33 Imperial Age
26:41 Fletching
27:09 Treadmill Crane
27:37 Padded Archer Armor
30:31 Chemistry
30:57 Masonry
31:12 Conscription
31:58 Squires
31:43 Arson
32:15 Leather Archer Armor
32:01 Scale Mail Armor
33:37 Iron Casting
33:18 Thumb Ring
33:46 Ring Archer Armor
33:50 Ballistics
34:14 Architecture
34:17 Pirotechnia
35:03 Chain Mail Armor
Arie
5:11 Loom
12:52 Feudal Age
13:27 Double-Bit Axe
17:00 Castle Age
19:43 Padded Archer Armor
19:59 Bloodlines
eimer6174
13:04 Feudal Age
13:30 Town Watch
13:31 Loom
14:46 Fletching
21:03 Castle Age
20:49 Double-Bit Axe
20:51 Fishing Lines
21:38 Bodkin Arrow
21:05 Demolition Ship
21:58 Medium Warships
22:02 Town Patrol
22:39 Wheelbarrow
23:00 Careening
23:04 Gold Mining
23:39 Bow Saw
25:28 Ballistics
26:54 Horse Collar
27:09 Gillnets
27:57 Clinker Construction
30:55 Heavy Plow
32:00 Hand Cart
飞翔爆炸者
4:47 Loom
14:08 Feudal Age
18:31 Castle Age
16:38 Double-Bit Axe
16:33 Horse Collar
18:06 Fletching
32:54 Wheelbarrow
32:37 Arson
33:41 Squires
34:09 Forging
SIL13
5:07 Loom
14:17 Feudal Age
14:46 Fishing Lines
17:52 Castle Age
16:32 Fletching
16:44 Double-Bit Axe
17:29 Gold Mining
18:41 Bodkin Arrow
22:15 Ballistics
22:49 Town Watch
24:55 Wheelbarrow
25:38 Bloodlines
25:29 Husbandry
26:29 Padded Archer Armor
31:23 Hand Cart
被迫匆忙
4:17 Loom
13:08 Feudal Age
16:42 Castle Age
19:24 Scale Mail Armor
19:30 Horse Collar
22:28 Forging
22:08 Double-Bit Axe
22:25 Heavy Plow
A4paper
5:13 Loom
12:15 Feudal Age
16:22 Castle Age
15:05 Fletching
15:58 Gold Mining
16:16 Double-Bit Axe
19:48 Town Watch
22:32 Bodkin Arrow
23:04 Fishing Lines
24:39 Gillnets
27:06 Horse Collar
30:06 Crossbowman
Connection lost

Rejoining the realm…

Still unreachable

The connection could not be restored.

Session expired

The server has moved on; the page needs a fresh start.